 Dungeon Crawl Stone Soup version 0.23.2-1-ga50397a6bc (webtiles) character file.

Game seed: 6743839012509096962

57 Gargoyl the Skirmisher (level 3, -3/31 HPs)
             Began as a Centaur Abyssal Knight on May 23, 2019.
             Was a Follower of Lugonu.
             Slain by a gnoll
             ... wielding a cursed -2 spear
              (4 damage)
             ... on level 2 of the Dungeon.
             The game lasted 00:02:26 (2915 turns).

Gargoyl the Skirmisher (Centaur Abyssal Knight)     Turns: 2915, Time: 00:02:26

Health: -3/31      AC:  7    Str: 14    XL:     3   Next: 73%
Magic:  4/4        EV:  4    Int: 11    God:    Lugonu [*.....]
Gold:   157        SH:  0    Dex:  9    Spells: 2/2 levels left

rFire    . . .     SeeInvis .   a - +1 hand axe
rCold    . . .     Gourm    .   (no shield)
rNeg     . . .     Faith    .   d - +0 chain mail
rPois    .         Spirit   .   (no helmet)
rElec    .         Reflect  .   (no cloak)
rCorr    .         Harm     .   (no gloves)
MR       .....                  (no barding)
Stlth    ..........             (no amulet)
HPRegen  0.10/turn              (no ring)
MPRegen  0.09/turn              (no ring)

@: very quick
A: large, hooves 3, deformed body, speed 2, tough skin 3
a: Depart the Abyss, Renounce Religion


You were on level 2 of the Dungeon.
You worshipped Lugonu.
Lugonu was aware of your devotion.
You were not hungry.

You visited 1 branch of the dungeon, and saw 2 of its levels.
You visited the Abyss 1 time.

You collected 157 gold pieces.

Inventory:

Hand Weapons
 a - a +1 hand axe (weapon)
Armour
 b - a +0 leather armour
 d - a +0 chain mail (worn)
Scrolls
 h - a scroll of remove curse
Potions
 g - a potion of haste {unknown}
Comestibles
 c - 3 rations


   Skills:
 + Level 3.4 Fighting
 + Level 2.2 Axes
 * Level 2.1 Armour
 * Level 1.0 Dodging
 * Level 2.3 Invocations


You had 2 spell levels left.
You didn't know any spells.
Your spell library was empty.

Dungeon Overview and Level Annotations

Branches:
Dungeon (2/15)

Altars:


Innate Abilities, Weirdness & Mutations

You have hooves in place of feet.
Armour fits poorly on your strangely shaped body.
You cover ground very quickly.
You have extremely tough skin. (AC +3)


Message History

The gnoll hits you with a +0 halberd.
You hit the gnoll. Your kick misses the gnoll.
The gnoll is moderately wounded.
You hit the gnoll. The gnoll hits you but does no damage.
An adder comes into view.
The gnoll hits you with a +0 halberd!
* * * LOW HITPOINT WARNING * * *
Unknown command.
You closely miss the gnoll.
The gnoll is moderately wounded.
Your chain mail prevents you from hitting the gnoll.
The adder hisses angrily.
The gnoll hits you but does no damage. x2
The gnoll hits you with a +0 halberd!
* * * LOW HITPOINT WARNING * * *
You hit the gnoll.
The gnoll is almost dead.
You hit the gnoll.
The gnoll hits you with a cursed -2 spear.
You die...

.[......#.##.##.......
.#.#.............#.#
#.#..#.#.##.##..#.#
.................#
.##)#.#S##.##[.#.###.#.
#...#................
##!.#....##..#####.#.
#..#.gg.............
#..#.@#.###.#######.
#.###..#..#.............
......><........#####.#.
########..####.##
..........#
###..####.###
............# #
##.####.### .# #.#


You could see 2 gnolls and an adder.

Vanquished Creatures
  2 gnolls
  An ooze (D:1)
  2 dart slugs (D:1)
  2 leopard geckos
  A ball python (D:1)
  3 goblins (D:1)
  4 hobgoblins (D:1)
  A quokka (D:2)
  6 bats (D:1)
  2 frilled lizards (D:1)
  4 kobolds (D:1)
  A rat (D:1)
29 creatures vanquished.

Notes
Turn   | Place    | Note
-------+----------+-------------------------------------------
     0 | Abyss:1  | Gargoyl the Centaur Abyssal Knight began the quest for the
                  | Orb.
     0 | Abyss:1  | Reached XP level 1. HP: 19/19 MP: 2/2
    94 | Abyss:2  | Found a corrupted altar of Lugonu.
   143 | Abyss:3  | Noticed a large abomination
   160 | Abyss:3  | Noticed a worldbinder
   162 | Abyss:3  | Noticed a satyr
   167 | Abyss:3  | Noticed a worldbinder
   169 | Abyss:3  | Noticed a shadow
   174 | Abyss:3  | Noticed a shadow
   174 | Abyss:3  | Noticed a wraith
   174 | Abyss:3  | Noticed a shadow
   179 | Abyss:3  | Noticed an orc priest
   179 | Abyss:3  | Noticed an orc priest
   181 | Abyss:3  | Noticed a phantasmal warrior
   185 | Abyss:3  | Noticed an orc priest
   185 | Abyss:3  | Noticed an orc priest
   185 | Abyss:3  | Noticed a wraith
   186 | Abyss:3  | Noticed a wraith
   191 | D:1      | Escaped the Abyss
   820 | D:1      | Reached XP level 2. HP: 9/26 MP: 3/3
  1280 | D:1      | Reached * piety under Lugonu
  1659 | D:1      | Reached XP level 3. HP: 27/31 MP: 4/4
  2114 | D:2      | Reached skill level 1 in Dodging
  2353 | D:2      | HP: 1/31 [gnoll/+0 halberd (9)]
  2914 | D:2      | HP: 1/31 [gnoll/+0 halberd (8)]
  2915 | D:2      | Slain by a gnoll

Skill      XL: |  1  2  3 |
---------------+----------+-----
Axes           | 2 |  2.2
Armour         | 2 |  2.1
Dodging        | 1 |  1.0
Fighting       | |  3.4
Invocations    | |  2.3

Action                   || total
-------------------------++-------
Melee: Hand axe          ||   114
       Kick              ||    17
Invok: Depart the Abyss  ||     1
  Use: Potion            ||     3
       Scroll            ||     3
  Eat: Chunk             ||     2
       Ration            ||     1
Armor: Chain mail        ||   104
Dodge: Dodged            ||    35
